 Dungeon Crawl Stone Soup version 0.17.0-26-gececa24 (webtiles) character file.

26352 inmateoo the Grappler (level 12, -2/84 HPs)
             Began as a Troll Warper on Nov 21, 2015.
             Was a Priest of Trog.
             Killed from afar by a raiju (19 damage)
             ... with a living lightning
             ... on level 3 of the Abyss.
             The game lasted 00:26:51 (12018 turns).

inmateoo the Grappler (Troll Warper)               Turns: 12018, Time: 00:26:51

Health: -2/84      AC: 12    Str: 22 (23) XL:     12   Next: 97%
Magic:  9/9        EV: 11    Int:  3 (6)  God:    Trog [***...]
Gold:   802        SH:  0    Dex:  5      Spells: 4 memorised, 6 levels left

rFire  . . .     SeeInvis .       - Unarmed
rCold  . . .     Rnd*Rage +     a - +1 robe
rNeg   + . .     SustAt   .     (no shield)
rPois  .         Gourm    +     I - +2 hat
rElec  .         Spirit   .     (no cloak)
rCorr  .         Warding  +     (gloves unavailable)
rMut   .         Rnd*Tele +     (boots unavailable)
MR     .....                    z - amulet of warding
Stlth  +.........               C - +5 ring of protection
                                q - +4 ring of protection

@: exhausted, corroded equipment, very slightly contaminated, hasted, very
quick, not resistant to hostile enchantments, very unstealthy
A: unfitting armour, claws 3, hooves 1, berserk 3, blurry vision 3, clumsy 2,
deformed body, deterioration 2, dopey 2, fast metabolism 3, frail 3, gourmand,
low mp 3, mutation resistance 1, regeneration 2, screaming 3, shaggy fur 1,
strong 1, teleportitis 2, tough skin 2, weak 2, no device heal 2, subdued magic
3, MP-powered wands
a: Berserk, Trog's Hand, Burn Spellbooks, Renounce Religion


You were on level 3 of the Abyss.
You worshipped Trog.
Trog was most pleased with you.
You were not hungry.

You visited 2 branches of the dungeon, and saw 13 of its levels.
You visited the Abyss 1 time.

You collected 1023 gold pieces.
You spent 221 gold pieces at shops.

Inventory:

Missiles
 d - 4 tomahawks of dispersal
 n - 15 tomahawks
 p - 3 throwing nets (quivered)
 J - 5 steel tomahawks
 M - 5 exploding tomahawks
Armour
 a - a +1 robe (worn)
 b - an ice dragon hide
 y - a +1 cloak
 I - a +2 hat (worn)
Jewellery
 q - a +4 ring of protection (left claw)
 w - an uncursed ring of fire
 z - an amulet of warding (around neck)
 C - a +5 ring of protection (right claw)
Wands
 e - a wand of magic darts (24)
 H - a wand of frost (17)
 L - a wand of cold (15)
Scrolls
 c - a scroll of fog
 l - a scroll of magic mapping
 o - 4 scrolls of remove curse
 t - 2 scrolls of identify
 u - 3 scrolls of enchant weapon
 v - a scroll of enchant armour
 D - 2 scrolls of fear
Potions
 i - 4 potions of brilliance
 m - a potion of flight
 s - a potion of curing
 B - 2 potions of ambrosia
Books
 K - a book of the Tempests

   Spells                             Type                      Level
   a - Static Discharge               Conjuration/Air              3
   b - Lightning Bolt                 Conjuration/Air              5
   c - Fireball                       Conjuration/Fire             5
   d - Tornado                        Air                          9
   e - Shatter                        Earth                        9
   Trog disapproves of the use of such an item.
Miscellaneous
 x - a fan of gales
 G - a sack of spiders
Comestibles
 f - 14 fruits
 g - 4 slices of pizza
 h - 5 meat rations
 j - 4 beef jerkies
 r - 9 bread rations
 F - 5 royal jellies


   Skills:
 + Level 8.2 Fighting
 + Level 8.1 Throwing
 + Level 8.1 Dodging
 * Level 13.3 Unarmed Combat
 - Level 2.1 Spellcasting
 - Level 3.0 Translocations
 + Level 4.8 Evocations


You had 6 spell levels left.
You knew the following spells:

 Your Spells              Type           Power        Failure   Level  Hunger
a - Apportation           Tloc           #.........   1%          1    ##.....
b - Blink                 Tloc           N/A          1%          2    ###....
c - Shroud of Golubria    Chrm/Tloc      #.........   6%          2    ###....
d - Passage of Golubria   Tloc           N/A          73%         4    #####..


Dungeon Overview and Level Annotations

Branches:
Dungeon (12/15)            Temple (1/1) D:6            Lair (0/8) D:9
    Orc (0/4) D:11

Altars:
Ashenzari
Cheibriados
Dithmenos
Elyvilon
Fedhas
Gozag
Kikubaaqudgha
Makhleb
Nemelex Xobeh
Okawaru
Qazlal
Ru
Sif Muna
Trog
Vehumet
Xom
Yredelemnul
Zin
The Shining One

Shops:
D:4 !   D:7 *?[(   D:8 *   D:9 !*?   D:11 (


Innate Abilities, Weirdness & Mutations

You are too large for most types of armour.
You have claws for hands.
Your metabolism is lightning-fast.
You like to eat raw meat.
You heal very quickly.
You are covered in fur (AC +1).
You have very tough skin (AC +2).
You have large cloven feet.
You are somewhat resistant to further mutation.
Your muscles are strong. (Str +2)
You expend magic power (3 MP) to strengthen your wands.
[You have an uncontrollable temper.]
[Scrolls take you much longer to read.]
[You are very clumsy. (Dex -4)]
[Armour fits poorly on your strangely shaped body.]
[Your body often deteriorates upon taking damage.]
[You are very dopey. (Int -4)]
[You are extremely frail (-30% HP).]
[Your magical capacity is extremely low (-30% MP).]
[You frequently scream uncontrollably at your foes.]
[You are sometimes teleported to nearby monsters.]
[You are very weak. (Str -4)]
[Potions and wands are poor at restoring your health.]
[Your spells are much easier to cast, but much less powerful.]


Message History

The living lightning hits you!
Your body deteriorates!
You feel dopey. The living lightning hits you!
The raiju blinks!
The raiju bursts into living lightning!
The living lightning hits you!
* * * LOW HITPOINT WARNING * * *
The raiju blinks! x2
The wretched star pulses with an eldritch light!
Your system mostly rejects artificial healing.
The raiju twists and deforms. x3
Unknown command.
Unknown command.
The wretched star pulses with an eldritch light!
You feel even more weirdly uncertain.
The raiju twists and deforms. x3
The great orb of eyes twists and deforms.
The raiju twists and deforms.
The raiju bursts into living lightning!
The living lightning hits you!
You die...

..##......##...
................
................
...>..............
...$..............
............... ..
..................
. #...@..# ....§.
.##.....h##......
.......whh.G..h...
........*.........
......h§*.........
....*..Xw.........
..................
..................
.##......##......


You could see a tentacled starspawn, a wretched star, a great orb of eyes, 4
raiju and 2 starspawn tentacles.

Vanquished Creatures
  A deep elf sorcerer (Abyss:3)
  An angel (Abyss:3)
  Erolcha (D:8)
  A hydra (D:11)
  The ghost of dxctxrx the Cleaver, a novice HOBe of Trog (D:8)
  A centaur warrior (D:12)
  2 thrashing horrors (Abyss:3)
  2 wretched stars (Abyss:3)
  A shadow wraith (Abyss:1)
  2 unseen horrors
  Pikel (D:6)
  An ugly thing (D:11)
  2 hill giants
  A griffon (D:12)
  3 worldbinders (Abyss:3)
  Joseph (D:9)
  A gargoyle (D:12)
  An orange demon (Abyss:3)
  2 smoke demons (Abyss:2)
  2 hellwings (Abyss:2)
  An efreet (Abyss:3)
  A hellion (Abyss:3)
  An ancient zyme (Abyss:3)
  A tormentor (Abyss:2)
  A troll (D:10)
  The ghost of inmateoo the Chopper, an amateur HuBe of Trog (D:4)
  A two-headed ogre (D:11)
  A raiju (Abyss:3)
  3 deep elf magi
  2 wyverns
  A vampire mosquito (D:12)
  3 hippogriffs
  2 golden eyes (Abyss:3)
  A neqoxec (Abyss:1)
  10 yaks (D:11)
  A chaos spawn (Abyss:3)
  4 orc warriors
  A water moccasin (D:10)
  A wasp (D:11)
  3 slaves
  5 ogres
  4 sky beasts
  4 phantoms
  2 necrophages
  2 large abominations (Abyss:3)
  3 big kobolds (D:4)
  5 centaurs
  2 crocodiles
  8 giant frogs
  A gnoll sergeant (D:8)
  A wyvern zombie (D:8)
  4 killer bees
  3 scorpions
  5 spriggan skeletons (D:10)
  A troll skeleton (D:10)
  7 wights
  7 crimson imps
  2 centaur zombies
  3 giant frog zombies
  2 jellies
  9 orc wizards
  A centaur skeleton (D:9)
  7 hounds
  5 iguanas
  4 small abominations
  11 orc priests
  An iron imp (Abyss:3)
  11 worker ants
  3 hound skeletons
  Robin (D:2)
  16 gnolls
  A shadow imp (D:12)
  7 adders
  A white imp (Abyss:3)
  An ooze (D:5)
  2 adder zombies
  2 adder skeletons
  A worm (D:3)
  4 giant geckos
  47 orcs
  3 giant cockroaches
  60 goblins
  31 hobgoblins
  16 jackals
  2 quokkas
  5 bats
  A giant gecko skeleton (D:4)
  4 giant newts
  12 kobolds
  5 rats
413 creatures vanquished.

Vanquished Creatures (others)
  A wraith (D:12)
  An ogre (D:12)
  A lurking horror (Abyss:3)
  46 starspawn tentacle segments (Abyss:3)
49 creatures vanquished.

Grand Total: 462 creatures vanquished

Notes
Turn   | Place    | Note
--------------------------------------------------------------
     0 | D:1      | inmateoo the Troll Warper began the quest for the Orb.
     0 | D:1      | Reached XP level 1. HP: 19/19 MP: 1/1
   240 | D:1      | Reached XP level 2. HP: 25/27 MP: 2/2
   941 | D:2      | Reached XP level 3. HP: 33/35 MP: 3/3
   957 | D:2      | Found an ancient bone altar of Kikubaaqudgha.
  1063 | D:2      | Reached skill level 3 in Unarmed Combat
  1241 | D:2      | Reached XP level 4. HP: 24/42 MP: 4/4
  1260 | D:2      | Learned a level 2 spell: Blink
  1426 | D:2      | Noticed Robin
  1476 | D:2      | Killed Robin
  1801 | D:2      | Reached skill level 4 in Unarmed Combat
  1878 | D:3      | Noticed a sky beast
  1904 | D:3      | Killed a sky beast
  1904 | D:3      | Reached XP level 5. HP: 36/50 MP: 5/5
  1914 | D:3      | Gained mutation: [Your body sometimes deteriorates upon taking damage.] [mutagenic meat]
  1915 | D:3      | Gained mutation: You are somewhat resistant to further mutation. [mutagenic meat]
  2069 | D:3      | Reached XP level 6. HP: 49/59 MP: 6/6
  2209 | D:3      | Found a shattered altar of Ashenzari.
  2252 | D:3      | Reached skill level 1 in Throwing
  2282 | D:3      | Reached skill level 5 in Unarmed Combat
  2780 | D:4      | Found a blossoming altar of Fedhas.
  2781 | D:4      | Found Desibb's Distillery.
  2881 | D:4      | Reached XP level 7. HP: 56/67 MP: 7/7
  2899 | D:4      | Bought a potion of heal wounds for 70 gold pieces
  3034 | D:4      | Learned a level 2 spell: Shroud of Golubria
  3582 | D:4      | Noticed inmateoo's ghost (amateur HuBe)
  3592 | D:4      | Killed inmateoo's ghost
  3592 | D:4      | Reached skill level 6 in Unarmed Combat
  3632 | D:4      | Reached XP level 8. HP: 29/78 MP: 8/8
  3913 | D:5      | Entered Level 5 of the Dungeon
  4044 | D:5      | Learned a level 4 spell: Passage of Golubria
  4075 | D:5      | Reached skill level 7 in Unarmed Combat
  4518 | D:6      | Noticed Pikel
  4566 | D:6      | Found a deep blue altar of Sif Muna.
  4821 | D:6      | Killed Pikel
  4821 | D:6      | Reached XP level 9. HP: 83/85 MP: 10/10
  4961 | D:6      | Reached skill level 8 in Unarmed Combat
  4973 | D:6      | Gained mutation: Your muscles are strong. (Str +2) [mutagenic meat]
  4974 | D:6      | Gained mutation: You have large cloven feet. [mutagenic meat]
  5052 | D:6      | Found a staircase to the Ecumenical Temple.
  5061 | Temple   | Entered the Ecumenical Temple
  5095 | Temple   | Became a worshipper of Trog the Wrathful
  5136 | D:6      | Found a glowing golden altar of the Shining One.
  5308 | D:7      | Found Joebai's Armour Shoppe.
  5345 | D:7      | Found Ceffev's General Store.
  5358 | D:7      | Reached skill level 5 in Dodging
  5362 | D:7      | Bought a scroll of identify for 26 gold pieces
  5362 | D:7      | Bought a scroll of identify for 26 gold pieces
  5431 | D:7      | Found Imatogie's Antique Weapon Boutique.
  5659 | D:7      | Found Axzarem Loacs's Magic Scroll Emporium.
  5667 | D:7      | Bought a scroll of identify for 28 gold pieces
  5857 | D:7      | Reached skill level 5 in Fighting
  5887 | D:8      | Noticed Erolcha
  5904 | D:8      | Killed Erolcha
  5904 | D:8      | Reached skill level 9 in Unarmed Combat
  5916 | D:8      | Noticed dxctxrx's ghost (novice HOBe)
  5960 | D:8      | Killed dxctxrx's ghost
  5960 | D:8      | Reached skill level 5 in Throwing
  5960 | D:8      | Reached XP level 10. HP: 46/96 MP: 12/12
  6095 | D:8      | Reached * piety under Trog
  6561 | D:8      | Found a sacrificial altar of Ru.
  6764 | D:9      | Reached skill level 10 in Unarmed Combat
  6865 | D:9      | Found a burning altar of Makhleb.
  6867 | D:9      | Found an opulent altar of Gozag.
  6877 | D:9      | Found a sparkling altar of Nemelex Xobeh.
  7028 | D:9      | Found Lule's Distillery.
  7227 | D:9      | Noticed Joseph
  7242 | D:9      | Killed Joseph
  7266 | D:9      | Reached ** piety under Trog
  7267 | D:9      | Found a staircase to the Lair.
  7310 | D:9      | Found Meupn's Assorted Antiques.
  7330 | D:9      | Bought a scroll labeled HOUXEYMEAS for 27 gold pieces
  7524 | D:9      | Found Dossoq's Magic Scroll Boutique.
  7538 | D:9      | Bought a scroll of identify for 22 gold pieces
  7538 | D:9      | Bought a scroll of identify for 22 gold pieces
  7648 | D:10     | Entered Level 10 of the Dungeon
  7798 | D:8      | Found Veaci's General Store.
  8091 | D:10     | Killed an unseen horror
  8091 | D:10     | Reached skill level 1 in Evocations
  8325 | D:10     | Reached XP level 11. HP: 105/105 MP: 13/13
  8620 | D:10     | Noticed a hill giant
  8739 | D:10     | Killed a hill giant
  8739 | D:10     | Reached skill level 11 in Unarmed Combat
  9009 | D:11     | Found Mewokh's Weapon Shoppe.
  9167 | D:11     | Noticed a five-headed hydra
  9208 | D:11     | Noticed a four-headed hydra
  9217 | D:11     | Killed an eight-headed hydra
  9217 | D:11     | Reached *** piety under Trog
  9407 | D:11     | Found a staircase to the Orcish Mines.
  9408 | D:11     | Noticed a hill giant
  9421 | D:11     | Killed a hill giant
  9874 | D:11     | Received a gift from Trog
 10234 | D:12     | Reached skill level 12 in Unarmed Combat
 10297 | D:12     | Found a radiant altar of Vehumet.
 10365 | D:12     | Noticed a centaur warrior
 10377 | D:12     | Killed a centaur warrior
 10384 | D:12     | Reached **** piety under Trog
 10533 | D:12     | Reached XP level 12. HP: 113/117 MP: 14/14
 10542 | D:12     | Noticed an ogre mage
 10716 | D:12     | Cast into the Abyss (an ogre mage)
 10716 | Abyss:1  | Found a corrupted altar of Lugonu.
 10809 | Abyss:1  | Noticed a starcursed mass
 10895 | Abyss:1  | Noticed a rakshasa
 10991 | Abyss:2  | Found a corrupted altar of Lugonu.
 10997 | Abyss:2  | Noticed a starcursed mass
 11006 | Abyss:2  | Gained mutation: You expend magic power (3 MP) to strengthen your wands. [a neqoxec]
 11258 | Abyss:3  | Noticed a starcursed mass
 11516 | Abyss:3  | Noticed an angel
 11533 | Abyss:3  | Killed an angel
 11578 | Abyss:3  | Reached skill level 13 in Unarmed Combat
 11648 | Abyss:3  | Noticed a starcursed mass
 11753 | Abyss:3  | Noticed a deep elf sorcerer
 11768 | Abyss:3  | Killed a deep elf sorcerer
 11934 | Abyss:3  | Found a corrupted altar of Lugonu.
 11998 | Abyss:3  | Found a corrupted altar of Lugonu.
 12002 | Abyss:3  | Noticed a cacodemon
 12008 | Abyss:3  | Noticed a tentacled starspawn
 12013 | Abyss:3  | Noticed a great orb of eyes
 12018 | Abyss:3  | Killed from afar by a raiju

Action                   |  1- 3 |  4- 6 |  7- 9 | 10-12 || total
-------------------------+-------+-------+-------+-------++-------
Melee: Unarmed           |   112 |   181 |   437 |   740 ||  1470
Throw: Tomahawk          |       |       |       |     3 ||     3
       Throwing net      |       |       |       |     6 ||     6
 Cast: Shroud of Golubri |       |       |     1 |       ||     1
Invok: Burn Spellbooks   |       |       |     1 |     2 ||     3
       Berserk           |       |       |       |     6 ||     6
       Trog's Hand       |       |       |       |    16 ||    16
  Use: Scroll            |     3 |     4 |    12 |     9 ||    28
       Potion            |       |       |     4 |     9 ||    13
 Stab: Sleeping          |     2 |       |     1 |     2 ||     5
       Held in net/web   |       |       |       |     2 ||     2
       Distracted        |       |       |       |     1 ||     1
  Eat: Chunk             |     9 |    11 |    32 |    52 ||   104
       Bread ration      |     2 |       |       |       ||     2
       Meat ration       |       |       |       |     3 ||     3
